 Dungeon Crawl Stone Soup version 0.28.0-49-g6dfe1f597d (webtiles) character file.

Game seed: 14936866469572212551

133 Atelerd the Digger (level 5, -1/31 HPs)
             Began as an Octopode Earth Elementalist on May 15, 2022.
             Slain by Grinder (3 damage)
             ... on level 4 of the Dungeon.
             The game lasted 00:02:33 (3361 turns).

Atelerd the Digger (Octopode Earth Elementalist)    Turns: 3361, Time: 00:02:34

Health: -1/31      AC:  1    Str:  8    XL:     5   Next: 16%
Magic:  6/9        EV: 13    Int: 19    God:
Gold:   89         SH:  0    Dex: 12    Spells: 2/10 levels left

rFire   . . .      SeeInvis .   a - +0 short sword
rCold   . . .      Faith    .   (no shield)
rNeg    . . .      Spirit   .   (helmet restricted)
rPois   .          Reflect  .   (no amulet)
rElec   .          Harm     .   (no ring)
rCorr   .          Rampage  .   (no ring)
Will    .....                   (no ring)
Stlth   +++.......              (no ring)
HPRegen 0.10/turn               (no ring)
MPRegen 0.11/turn               (no ring)
                                (no ring)
                                (no ring)

@: no status effects
A: almost no armour, amphibious, 8 rings, camouflage 1, gelatinous body 1,
(nimble swimmer 1), tentacles
a: no special abilities


You were on level 4 of the Dungeon.
You visited 1 branch of the dungeon, and saw 4 of its levels.

You collected 89 gold pieces.

Inventory:

Hand Weapons
 a - a +0 short sword (weapon)
Missiles
 b - 7 stones
Scrolls
 c - a scroll of identify
 e - a scroll of teleportation
 g - a scroll of magic mapping {unknown}
Potions
 f - a potion of degeneration {unknown}
 h - a potion of curing {unknown}


   Skills:
 - Level 2.0 Dodging
 - Level 2.6 Stealth
 + Level 3.0 Spellcasting
 * Level 2.9 Transmutations
 * Level 4.1 Earth Magic


You had 2 spell levels left.
You knew the following spells:

 Your Spells              Type           Power      Damage    Failure   Level
a - Sandblast             Erth           36%        2d10      2%          1
c - Swiftness             Air            2%         N/A       41%         3
p - Petrify               Tmut/Erth      16%        N/A       34%         4

Your spell library contained the following spells:

 Spells                   Type           Power      Damage    Failure   Level
 Passwall                 Tmut/Erth      13%        N/A       5%          2
 Animate Skeleton         Necr           4%         N/A       16%         1
 Magic Dart               Conj           8%         1d3       16%         1
 Pain                     Necr           8%         1d4       16%         1
 Ensorcelled Hibernation  Hex/Ice        4%         N/A       22%         2
 Searing Ray              Conj           4%         2d4       22%         2
 Stone Arrow              Conj/Erth      20%        3d8       21%         3
 Vampiric Draining        Necr           2%         2d6       41%         3
 Fulminant Prism          Conj/Hex       1%         3d6       83%         4


Dungeon Overview and Level Annotations

Branches:
Dungeon (4/15)
 Temple: D:4-7

Altars:

Annotations:
D:2 Sigmund
D:3 exclusion: downstairs
D:4 Grinder


Innate Abilities, Weirdness & Mutations

You cannot wear most types of armour.
You are amphibious.
You can wear up to eight rings at the same time.
Your skin changes colour to match your surroundings (Stealth+).
Your rubbery body absorbs attacks. (AC +1, EV +1)
((You are camouflaged when in or above water. (Stealth+)))
You have tentacles for arms and can constrict up to eight enemies at once.


Message History

The blast of sand hits the jackal.
You kill the jackal!
Casting: Sandblast (safe; 2% risk of failure)
Confirm with . or Enter, or press ? or * to list all spells.
The spell is extremely dangerous to miscast (34% risk of failure)!
Continue anyway?
Aiming: Petrify (extremely dangerous; 34% risk of failure)
Press: ? - help, Shift-Dir - straight line, f - ogre
Aim: an ogre, wielding a +0 giant club (chance to affect: 50%)
The ogre is moving more slowly.
The ogre hits you with a +0 giant club!
Ouch! That really hurt!
* * * LOW HITPOINT WARNING * * *
Unknown command.
The ogre stops moving altogether!
The helpless ogre fails to defend itself.
You hit the ogre.
The ogre is lightly wounded.
The helpless ogre fails to defend itself.
You puncture the ogre!
The ogre is lightly wounded.
The helpless ogre fails to defend itself.
You puncture the ogre!
The ogre is moderately wounded.
You start resting.
An ogre is nearby!
An ogre is nearby!
A hound comes into view.
A hound comes into view.
The hound moves out of view.
As you read the scroll labelled GIL CO HOGUX, it crumbles to dust.
It is a scroll of identify.
e - a scroll of teleportation Grinder gestures at you.
You suddenly lose the ability to move!
Grinder gestures at you. Pain shoots through your body!
* * * LOW HITPOINT WARNING * * *
You can move again.
Unknown command.
It was a potion of cancellation.
You feel magically purged. Grinder hits you.
You die...

#.........#
####.####.#
####...###.#
.#..........oo...
......).#.#....o.
. .....##.#.##...
#.... ..# # ..
##5# ### #@# #.#
#.# . # #.# ..
##.#.########.h.
#...............
#...............
#.##.##.........
#.....##.#####...


You could see Grinder.

Vanquished Creatures
  A hound (D:4)
  An adder (D:3)
  3 gnolls (D:4)
  A dart slug (D:1)
  5 endoplasms
  A giant cockroach (D:1)
  7 goblins
  4 hobgoblins
  9 jackals
  8 kobolds
  A quokka (D:2)
  8 ball pythons
  7 bats
  4 frilled lizards (D:1)
  2 rats (D:1)
62 creatures vanquished.

Notes
Turn   | Place    | Note
-------+----------+-------------------------------------------
     0 | D:1      | Atelerd the Octopode Earth Elementalist began the quest for
                  | the Orb.
     0 | D:1      | Reached XP level 1. HP: 11/11 MP: 3/3
   747 | D:1      | Reached XP level 2. HP: 17/17 MP: 3/5
  1106 | D:1      | Reached XP level 3. HP: 20/21 MP: 3/6
  1759 | D:2      | Noticed Sigmund
  2282 | D:3      | Reached XP level 4. HP: 21/27 MP: 3/8
  2721 | D:3      | Learned a level 4 spell: Petrify
  2725 | D:3      | Learned a level 3 spell: Swiftness
  2760 | D:4      | Noticed Grinder
  2804 | D:4      | Reached skill level 4 in Earth Magic
  3070 | D:4      | Reached XP level 5. HP: 22/31 MP: 5/9
  3285 | D:4      | Noticed an ogre
  3358 | D:4      | Paralysed by Grinder for 3 turns
  3361 | D:4      | Slain by Grinder

Illustrated notes

Levels and vault maps discovered:
D:1:      minmay_arrival_solitary_statue, layout_loops_ring,
          hangedman_decor_growths
D:2:      layout_loops_ring, dreamdust_ecumenical_altar_drowned_temple,
          uniq_robin, uniq_jessica, uniq_sigmund
D:3:      layout_loops_ring, amethyst_killhole
D:4:      layout_loops_cross, amcnicky_mini_corridor_feature, nrook_campfire,
          uniq_grinder, uniq_pikel

Skill      XL: |  1  2  3  4  5 |
---------------+----------------+-----
Transmutations | 2 |  2.9
Earth Magic    | 4 |  4.1
Spellcasting   | 3 |  3.0
Dodging        | |  2.0
Stealth        | |  2.6

Action                   |  1- 3 |  4- 6 || total
-------------------------+-------+-------++-------
Melee: Unarmed           |     8 |       ||     8
       Punch             |     1 |       ||     1
       Constrict         |    10 |     5 ||    15
       Tentacles         |     7 |     3 ||    10
       Short sword       |    14 |    15 ||    29
 Cast: Sandblast         |    45 |    27 ||    72
       Petrify           |       |     1 ||     1
  Use: Scroll            |       |     1 ||     1
       Potion            |       |     1 ||     1
 Stab: Sleeping          |     4 |       ||     4
       Petrified         |       |     3 ||     3
Armor: Skin              |     6 |     1 ||     7
Dodge: Dodged            |    21 |    31 ||    52
